 Dungeon Crawl Stone Soup version 0.31-a0-117-g42d8f58691 (webtiles) character file.

Game seed: 9296178555402690905

18 Mekire the Firebug (level 2, 0/17 HPs)
             Began as an Octopode Fire Elementalist on May 31, 2023.
             Succumbed to an adder's poison
             ... on level 2 of the Dungeon.
             The game lasted 00:13:26 (985 turns).

Mekire the Firebug (Octopode Fire Elementalist)      Turns: 985, Time: 00:13:26

Health: 0/17       AC:  1    Str:  7    XL:     2   Next: 66%
Magic:  0/5        EV: 13    Int: 17    God:
Gold:   65         SH:  5    Dex: 12    Spells: 5/6 levels left

rFire   . . .        (no weapon)
rCold   . . .        (no shield)
rNeg    . . .        (helmet restricted)
rPois   .            e - amulet of reflection
rElec   .            (no ring)
rCorr   .            (no ring)
SInv    .            (no ring)
Will    .....        (no ring)
Stlth   +++          (no ring)
HPRegen 0.22/turn    (no ring)
MPRegen 0.09/turn    (no ring)
                     (no ring)

%: reflection
@: lethally poisoned (0 -> -5)
A: almost no armour, amphibious, 8 rings, camouflage 1, gelatinous body 1,
(nimble swimmer 1), tentacles
a: no special abilities


You were on level 2 of the Dungeon.
You visited 1 branch of the dungeon, and saw 2 of its levels.

You collected 65 gold pieces.

Inventory:

Missiles
 b - 15 stones (quivered)
Jewellery
 d - an amulet of the acrobat
 e - an amulet of reflection (around mantle)
Scrolls
 c - a scroll of magic mapping {unknown}
 f - a scroll of fog
 g - a scroll of identify {unknown}
Potions
 a - a potion of magic


   Skills:
 - Level 2.0 Dodging
 - Level 2.6 Stealth
 + Level 2.5 Spellcasting
 - Level 1.0 Conjurations
 * Level 3.5 Fire Magic


You had 5 spell levels left.
You knew the following spells:

 Your Spells              Type           Power      Damage    Failure   Level
a - Foxfire               Conj/Fire      36%        2x1d5     8%          1

Your spell library contained the following spells:

 Spells                   Type           Power      Damage    Failure   Level
 Scorch                   Fire           28%        2d6       7%          2
 Sting                    Tmut/Pois      8%         1d3       19%         1
 Inner Flame              Hex/Fire       8%         N/A       26%         3
 Volatile Blastmotes      Fire/Tloc      16%        2d11      26%         3
 Poisonous Vapours        Pois/Air       4%         N/A       28%         2
 Portal Projectile        Hex/Tloc       4%         N/A       50%         3
 Tukima's Dance           Hex            2%         N/A       50%         3
 Flame Wave               Conj/Fire      9%         2d6       58%         4
 Olgreb's Toxic Radiance  Pois           2%         N/A       88%         4
 Blade Hands              Tmut           1%         N/A       99%         5


Dungeon Overview and Level Annotations

Branches:
Dungeon (2/15)

Altars:


Innate Abilities, Weirdness & Mutations

You cannot wear most types of armour.
You are amphibious.
You can wear up to eight rings at the same time.
Your skin changes colour to match your surroundings (Stealth+).
Your rubbery body absorbs attacks. (AC +1, EV +1)
((You are camouflaged when in or above water. (Stealth+)))
You have tentacles for arms and can constrict up to eight enemies at once.


Message History

You take 4 damage, and have 3/17 hp.
MASSIVE DAMAGE!!
The adder attacks as you move away! The adder closely misses you.
Casting: Foxfire (safe; 8% risk of failure)
Confirm with . or Enter, or press ? or * to list all spells.
You conjure some foxfire!
The adder barely misses you.
You now have 2/5 mp.
Your foxfire dissipates!
The adder attacks as you move away! The adder closely misses you.
The foxfire hits the adder.
The adder is lightly wounded.
The adder barely misses you.
Casting: Foxfire (safe; 8% risk of failure)
Confirm with . or Enter, or press ? or * to list all spells.
You conjure some foxfire!
The adder barely misses you.
You now have 1/5 mp.
The foxfire hits the adder.
The adder is moderately wounded.
The foxfire hits the adder.
The adder is severely wounded.
Casting: Foxfire (safe; 8% risk of failure)
Confirm with . or Enter, or press ? or * to list all spells.
You conjure some foxfire!
The adder bites you but does no damage.
The foxfire hits the goblin.
The goblin is severely wounded.
You now have 0/5 mp.
The adder attacks as you move away! The adder bites you.
* * * LOW HITPOINT WARNING * * *
You are lethally poisoned!
The adder poisons you!
* * * LOW HITPOINT WARNING * * *
You feel sick.
The foxfire hits the adder.
The adder is almost dead.
The adder bites you.
* * * LOW HITPOINT WARNING * * *
You take 4 damage, and have 1/17 hp.
MASSIVE DAMAGE!!
Okay, then.
Unknown command.
Unknown command.
The adder attacks as you move away! The adder barely misses you.
You die...

#.. #..# ####### #..#
#..§... ####..###..§.##
####.........§..>###
#............§§§...
#.##.#......§§§§.#
####g##.#...)..§§§§#####
####....S.@.....##§§§§.....
##
##....##.##.#.#######§######
..####..##.##.##.#.# #§#
P...P.~P.#.........# ##.##
.P....P..#P..#...### #...#
...P..P.#(.)...#.# #..<#
..~⌠...P#...#.......# #...#
........#.P.#.##.##.# #...#
...~P†..#...#.##.# # ......


You could see an adder and a goblin.

Vanquished Creatures
  2 bats
  An endoplasm (D:1)
  A goblin (D:2)
  3 hobgoblins (D:1)
  A frilled lizard (D:2)
  4 kobolds (D:1)
  5 rats
17 creatures vanquished.

Vanquished Creatures (collateral kills)
  3 foxfires (D:2)
3 creatures vanquished.

Vanquished Creatures (others)
  39 foxfires
39 creatures vanquished.

Grand Total: 59 creatures vanquished

Notes
Turn   | Place    | Note
-------+----------+-------------------------------------------
     0 | D:1      | Mekire the Octopode Fire Elementalist began the quest for
                  | the Orb.
     0 | D:1      | Reached XP level 1. HP: 11/11 MP: 3/3
   304 | D:1      | Reached XP level 2. HP: 17/17 MP: 0/5
   921 | D:2      | Found a faded altar of an unknown god.
   985 | D:2      | Succumbed to an adder's poison

Illustrated notes

Levels and vault maps discovered:
D:1:      amcnicky_arrival_flooded_fountain, layout_basic
D:2:      layout_loops_cross, basic_altar,
          shapermc_ecumenical_altar_mp_ritualfount

Action                     || total
---------------------------++-------
  Melee: Unarmed           ||     6
         Constrict         ||     3
         Tentacles         ||     1
  Throw: Stone             ||     4
   Cast: Foxfire           ||    31
    Use: Scroll            ||     1
   Stab: Sleeping          ||     1
 Armour: Skin              ||     3
  Dodge: Dodged            ||    11

Table legend: (Time is in decaauts)
 A = Elapsed time spent in this place.
 B = Non-inter-level travel time spent in this place.
 C = Inter-level travel time spent in this place.
 D = Time resting spent in this place.
 E = Time spent auto-exploring this place.
 F = Levels seen in this place.
 G = Mean time per level.
                   A        B        C        D        E       F      G
               +--------+--------+--------+--------+--------+-----+--------+
         Total |    985 |    982 |      3 |     20 |    748 |   2 |  492.5 |
       Dungeon |    985 |    982 |      3 |     20 |    748 |   2 |  492.5 |
               +--------+--------+--------+--------+--------+-----+--------+

Top non-repeatable levels by time:
     D:1: 819 daAuts
     D:2: 165 daAuts
